 Dungeon Crawl Stone Soup version 0.26-a0-43-g20b394c (webtiles) character file.

Game seed: 1334151258015266346

112675 Faca the Warrior (level 16, -6/155 HPs)
             Began as a Black Draconian Berserker on June 2, 2020.
             Was a High Priest of Trog.
             Mangled by a freezing wraith (12 damage)
             ... in an ice cave.
             The game lasted 01:08:30 (35562 turns).

Faca the Warrior (Black Draconian Berserker)       Turns: 35562, Time: 01:08:30

Health: -6/155     AC:  8    Str: 26    XL:     16   Next: 12%
Magic:  25/25      EV: 15    Int:  8    God:    Trog [*****.]
Gold:   1187       SH: 21    Dex:  9    Spells: 15/15 levels left

rFire    + + +     SeeInvis .   D - +2 demon whip
rCold    + . .     Gourm    .   l - +2 kite shield
rNeg     . . .     Faith    .   (armour unavailable)
rPois    .         Spirit   .   M - +2 hat
rElec    +         Reflect  +   j - +0 cloak
rCorr    .         Harm     .   v - +0 pair of gloves of Daowox {+Blink rF+ Slay+3 Stlth+}
MR       ++...                  S - +2 pair of boots {Fly}
Stlth    ++........             Q - amulet of reflection
HPRegen  0.35/turn              d - ring "Jabiyt Sosae" {*Corrode rF+++ MR+ MP+9 Dex-2}
MPRegen  0.19/turn              w - ring of protection from cold

@: corroded, flying, slowed, very slow
A: breathe lightning, unfitting armour, big wings, electricity resistance,
cold-blooded, AC +9
a: Breathe Lightning, Stop Flying, Berserk, Trog's Hand, Brothers in Arms,
Renounce Religion, Evoke Blink


You were in an ice cave.
You worshipped Trog.
Trog was extremely pleased with you.
You were not hungry.

You visited 4 branches of the dungeon, and saw 24 of its levels.
You also visited: Ossuary and Ice Cave.

You collected 2650 gold pieces.
You spent 1463 gold pieces at shops.

Inventory:

Hand Weapons
 D - a +2 demon whip (weapon)
Missiles
 k - 5 throwing nets
 o - 27 boomerangs (quivered)
 H - 8 javelins
Armour
 j - a +0 cloak (worn)
 l - a +2 kite shield (worn)
 v - the +0 pair of gloves of Daowox (worn) {+Blink rF+ Slay+3 Stlth+}
   (You found it on level 14 of the Dungeon)

   It affects your accuracy and damage with ranged weapons and melee attacks
   (+3).
   It protects you from fire.
   It lets you blink.
   It makes you more stealthy.
 M - a +2 hat (worn)
 S - a +2 pair of boots of flying (worn)
Jewellery
 d - the ring "Jabiyt Sosae" (left hand) {*Corrode rF+++ MR+ MP+9 Dex-2}
   (You acquired it on level 2 of the Lair of Beasts)

   [ring of protection from magic]

   It affects your dexterity (-2).
   It renders you almost immune to fire.
   It affects your resistance to hostile enchantments.
   It affects your magic capacity (+9).
   It may corrode you when you take damage.
 s - a +4 ring of evasion
 w - a ring of protection from cold (right hand)
 Q - an amulet of reflection (around neck)
Wands
 a - a wand of digging (9)
 x - a wand of iceblast (30)
 F - a wand of clouds (6)
 P - a wand of disintegration (30)
Scrolls
 e - a scroll of identify
 g - 9 scrolls of teleportation
 h - 9 scrolls of remove curse
 m - 7 scrolls of enchant armour
 y - 3 scrolls of fear
 B - 3 scrolls of immolation
 C - 5 scrolls of enchant weapon
 E - 2 scrolls of magic mapping
 G - a scroll of torment
 I - 4 scrolls of blinking
 K - 3 scrolls of fog
 R - a scroll of silence
Potions
 f - 2 potions of resistance
 n - 6 potions of haste
 p - a potion of cancellation
 q - 4 potions of berserk rage
 r - 10 potions of lignification
 u - 4 potions of mutation
 z - 2 potions of ambrosia
 A - 5 potions of curing
 J - 2 potions of invisibility
 O - 2 potions of might
Comestibles
 b - 44 rations


   Skills:
 + Level 17.5 Fighting
 + Level 16.8 Maces & Flails
 + Level 4.4 Throwing
 + Level 7.0 Dodging
 + Level 14.1 Shields


You had 15 spell levels left.
You didn't know any spells.
Your spell library was empty.

Dungeon Overview and Level Annotations

Branches:
Dungeon (15/15)            Temple (0/1) D:6            Lair (6/6) D:8
 Shoals (0/4) Lair:4        Snake (1/4) Lair:4        Slime (0/5) Lair:6
    Orc (2/2) D:10            Elf (0/3) Orc:2        Vaults (0/5) D:13
 Depths (0/5) D:15        Ossuary (visited)           IceCv (1/1)

Altars:
Ashenzari
Elyvilon
Fedhas
Hepliaklqana
Makhleb
Nemelex Xobeh
Okawaru
Uskayaw
Xom
The Shining One
Jiyva

Shops:
D:7 *   D:10 [   Orc:2 ?[?[

Annotations:
Lair:1 exclusion: 3 oklob plants
Lair:4 exclusion: 2 oklob plants
Lair:5 exclusion: oklob plant


Innate Abilities, Weirdness & Mutations

You can breathe wild blasts of lightning.
Your glossy black scales are hard. (AC +9)
You cannot fit into any form of body armour.
Your large and strong wings let you fly indefinitely.
You are resistant to electric shocks. (rElec)
You are cold-blooded and may be slowed by cold attacks.


Message History

You hit the Ice Fiend.
The Ice Fiend is severely wounded.
You closely miss the Ice Fiend.
Your tail-slap misses the Ice Fiend.
The Ice Fiend is severely wounded.
The Ice Fiend calls on the powers of darkness!
Your body is wracked with pain!
* * * LOW HITPOINT WARNING * * *
You block the freezing wraith's attack. The freezing wraith barely misses you.
Your troll goes berserk!
You feel quite a bit more hungry.
You have got your breath back.
You block the Ice Fiend's attack. The Ice Fiend claws you.
* * * LOW HITPOINT WARNING * * *
The Ice Fiend freezes you! You resist.
* * * LOW HITPOINT WARNING * * *
Your corrosive artefact corrodes you!
You block the freezing wraith's attack.
The freezing wraith completely misses you.
You block the Ice Fiend's attack. The Ice Fiend closely misses you.
The freezing wraith closely misses you. The freezing wraith hits you!
You die...

##..##.##
##.##.## #..##
#..##.# ....#
##.##.## #....#
##..###.# .....#
##..###..##
#ZZ....
#...#.T##.#
W1Z..
#...#)#.#W###44#
#..###.≈@1Z#..#
#..# ##≈##.°.##
#.## ≈#≈≈##.##
#.## ≈≈≈≈≈###
##.##≈≈≈≈≈#
#)#≈≈≈≈≈≈≈
##≈≈≈≈≈≈≈≈≈
##≈≈≈≈≈≈≈≈
#≈≈#≈≈≈≈≈#


You could see an Ice Fiend (corroded), a freezing wraith, an anaconda simulacrum
and a friendly troll (summoned, berserk).

Vanquished Creatures
  Donald (Orc:1)
  The ghost of pigah the Carver, a journeyman DrWn of Okawaru (Lair:4)
  2 fire dragons (D:15)
  7 hydras
  A naga warrior (Snake:1)
  4 vault guards (D:13)
  Erica (D:8)
  3 centaur warriors
  17 two-headed ogres
  A queen ant (Lair:2)
  Urug (Lair:3)
  4 ogre magi (Orc:2)
  2 orc high priests (Orc:1)
  Nergalle (Orc:1)
  3 unseen horrors
  4 skeletal warriors
  A wizard (D:15)
  3 orc knights
  Pikel (D:5)
  3 deep elf magi
  A salamander (Snake:1)
  A cyclops (shapeshifter) (D:14)
  9 ugly things
  An orc sorcerer (Orc:1)
  A wolf spider zombie (D:14)
  6 manticores
  2 oklob plants (Lair:4)
  4 cyclopes (D:13)
  12 elephants
  5 black mambas
  4 gargoyles
  2 ice statues
  Maggie (D:10)
  11 spiny frogs
  A rime drake (Lair:2)
  5 komodo dragons
  2 anaconda simulacra (IceCv)
  6 kobold demonologists
  2 freezing wraiths (IceCv)
  A redback zombie (D:14)
  4 ice devils (IceCv)
  7 trolls
  5 hornets (Lair:6)
  4 polar bears (Lair:6)
  Prince Ribbit (D:8)
  A harpy skeleton (D:14)
  2 dream sheep (Lair:6)
  5 blink frogs (Lair:6)
  5 hippogriffs
  13 spriggans (Lair:6)
  2 shadows (D:13)
  28 yaks
  A vampire (D:14)
  3 dire elephant simulacra (IceCv)
  7 wyverns
  3 basilisks
  6 vampire mosquitoes
  Grum (D:10)
  2 hungry ghosts
  4 iron troll simulacra (IceCv)
  An acid dragon (D:13)
  4 wargs
  A harpy simulacrum (IceCv)
  6 soldier ants
  The ghost of zbzbzb the Firebug, an amateur OpFE (D:3)
  17 water moccasins
  3 hydra simulacra (IceCv)
  A soldier ant (shapeshifter) (D:14)
  11 porcupines
  3 sky beasts
  18 orc warriors
  3 slaves (D:5)
  4 eyes of draining
  An ettin simulacrum (IceCv)
  4 ice beasts
  4 black bears
  3 boggarts (Lair:6)
  23 wolves
  7 phantoms
  16 centaurs
  39 ogres
  7 crocodiles
  7 big kobolds
  Blork the orc (D:5)
  18 bullfrogs
  A gnoll sergeant (Orc:2)
  A wyvern zombie (D:12)
  6 scorpions
  5 killer bees (D:9)
  2 elephant simulacra (IceCv)
  16 wights
  6 howler monkeys
  5 crimson imps
  5 centaur zombies
  2 jellies
  3 centaur skeletons
  5 draconian simulacra (IceCv)
  3 bullfrog zombies
  3 hounds
  11 orc priests
  2 bullfrog skeletons
  12 orc wizards
  3 iguanas
  11 hell rats (Lair:2)
  A polar bear simulacrum (IceCv)
  A troll simulacrum (IceCv)
  A wolf simulacrum (IceCv)
  17 worker ants
  3 spriggan simulacra (IceCv)
  A big kobold zombie (Ossuary)
  3 centaur simulacra (IceCv)
  6 mummies (Ossuary)
  11 gnolls
  4 ogre simulacra (IceCv)
  25 adders
  2 naga simulacra (IceCv)
  A shadow imp (D:14)
  4 white imps (IceCv)
  An ufetubus (IceCv)
  2 adder zombies
  2 worms (D:2)
  4 dart slugs
  10 leopard geckos
  68 orcs
  7 giant cockroaches
  7 goblins
  18 hobgoblins
  16 jackals
  44 kobolds
  6 quokkas
  5 ball pythons
  6 bats
  6 frilled lizards
  A hobgoblin zombie (Ossuary)
  A jackal skeleton (D:5)
  A quokka zombie (D:5)
  4 rats
  9 plants
845 creatures vanquished.

Vanquished Creatures (collateral kills)
  Rupert (Lair:3)
  A two-headed ogre (D:11)
  2 elephants (Lair:3)
  Joseph (Lair:1)
  An acid dragon (D:11)
  A crocodile (Lair:3)
  A bullfrog (D:11)
  A hound (D:11)
  An orc wizard (D:11)
  An orc (D:11)
11 creatures vanquished.

Vanquished Creatures (others)
  Grinder (D:5)
  4 white imps (IceCv)
  3 ufetubi (IceCv)
  23 fungi
  31 plants
62 creatures vanquished.

Grand Total: 918 creatures vanquished

Notes
Turn   | Place    | Note
-------+----------+-------------------------------------------
     0 | D:1      | Faca the Draconian Berserker began the quest for the Orb.
     0 | D:1      | Reached XP level 1. HP: 19/19 MP: 1/1
   238 | D:1      | Reached XP level 2. HP: 19/26 MP: 2/2
   528 | D:1      | Reached skill level 4 in Fighting
   801 | D:1      | Reached XP level 3. HP: 33/33 MP: 3/3
  1251 | D:2      | Reached ** piety under Trog
  1585 | D:2      | Reached XP level 4. HP: 36/41 MP: 4/4
  2484 | D:3      | Reached skill level 5 in Fighting
  2577 | D:3      | Found a large runed translucent door.
  2578 | D:3      | Found a large runed translucent door.
  2681 | D:3      | Reached XP level 5. HP: 48/48 MP: 5/5
  2850 | D:3      | Found a white marble altar of Elyvilon.
  3234 | D:3      | Noticed zbzbzb's ghost (amateur OpFE)
  3364 | D:3      | Killed zbzbzb's ghost
  3364 | D:3      | Reached *** piety under Trog
  3364 | D:3      | Reached skill level 5 in Maces & Flails
  3364 | D:3      | Reached XP level 6. HP: 49/57 MP: 6/6
  3520 | D:4      | Reached skill level 6 in Fighting
  4206 | D:4      | Your scales start taking on a glossy black colour.
  4206 | D:4      | Reached XP level 7. HP: 64/64 MP: 7/7
  4206 | D:4      | Gained mutation: You are resistant to electric shocks.
                  | (rElec) [Black Draconian growth]
  4441 | D:5      | Entered Level 5 of the Dungeon
  4447 | D:5      | Reached skill level 7 in Fighting
  4616 | D:5      | Found a shattered altar of Ashenzari.
  4940 | D:5      | Noticed Pikel
  5027 | D:5      | Killed Pikel
  5027 | D:5      | Reached skill level 8 in Fighting
  5027 | D:5      | Reached XP level 8. HP: 20/75 MP: 8/8
  5110 | D:5      | Noticed Grinder
  5131 | D:5      | Killed Grinder
  5131 | D:5      | Reached skill level 9 in Fighting
  5481 | D:5      | Noticed Blork the orc
  5737 | D:5      | Killed Blork the orc
  5894 | D:5      | Reached **** piety under Trog
  5936 | D:5      | Reached XP level 9. HP: 83/85 MP: 9/9
  6310 | D:6      | Found a glowing golden altar of the Shining One.
  6382 | D:6      | You fall into a shaft and drop 1 floor!
  6487 | D:7      | Found an iron altar of Okawaru.
  6493 | D:7      | Reached skill level 10 in Fighting
  6570 | D:7      | Found a sand-covered staircase.
  6610 | Ossuary  | Entered an ossuary
  7163 | D:7      | Found Wurur's General Store.
  7170 | D:6      | Found a burning altar of Makhleb.
  7171 | D:6      | Found a shimmering altar of Xom.
  7171 | D:6      | Found a sparkling altar of Nemelex Xobeh.
  7524 | D:6      | Reached skill level 10 in Maces & Flails
  7813 | D:6      | Found a staircase to the Ecumenical Temple.
  7861 | D:6      | Reached skill level 11 in Fighting
  8103 | D:7      | Bought a +2 flail of protection for 162 gold pieces
  8103 | D:7      | Bought a scroll of fear for 35 gold pieces
  8497 | D:8      | Reached skill level 1 in Shields
  8503 | D:8      | Reached XP level 10. HP: 67/96 MP: 10/10
  8625 | D:8      | Noticed Erica
  8764 | D:8      | Killed Erica
  8945 | D:8      | Found a staircase to the Lair.
  9050 | D:8      | Found a hazy altar of Hepliaklqana.
  9078 | D:8      | Reached ***** piety under Trog
  9354 | D:8      | Noticed Prince Ribbit
  9359 | D:8      | Killed Prince Ribbit
  9727 | D:8      | Reached skill level 12 in Fighting
 10151 | D:9      | Reached skill level 5 in Shields
 10164 | D:9      | Received a gift from Trog
 10414 | D:9      | Noticed a +0 hand axe
 10414 | D:9      | Noticed a +0 hand axe
 10415 | D:9      | Found a hide-covered altar of Uskayaw.
 10493 | D:9      | Reached skill level 5 in Dodging
 10493 | D:9      | Reached XP level 11. HP: 105/105 MP: 11/11
 10674 | D:10     | Entered Level 10 of the Dungeon
 10675 | D:10     | Noticed Grum
 10973 | D:10     | Noticed a centaur warrior
 10992 | D:10     | Killed a centaur warrior
 10992 | D:10     | Reached XP level 12. HP: 59/113 MP: 12/12
 11196 | D:10     | Killed Grum
 11570 | D:10     | Found a blossoming altar of Fedhas.
 11667 | D:10     | Found Xiwaw's Armour Emporium.
 11669 | D:10     | Found a staircase to the Orcish Mines.
 11694 | D:10     | Noticed Maggie
 11704 | D:10     | Killed Maggie
 11834 | D:10     | Reached skill level 13 in Fighting
 12096 | D:11     | Noticed a two-headed ogre
 12114 | D:11     | Killed a two-headed ogre
 12753 | D:11     | Found Susm's Antique Weapon Shop.
 13792 | Lair:1   | Entered Level 1 of the Lair of Beasts
 14273 | Lair:1   | Received a gift from Trog
 14430 | Lair:1   | You fall into a shaft and drop 1 floor!
 14463 | Lair:2   | Noticed a queen ant
 14488 | Lair:2   | Killed a queen ant
 15142 | Lair:1   | Noticed Sonja
 15144 | Lair:1   | Noticed Sonja
 15144 | Lair:1   | Sonja changed into Sonja the ice beast
 15152 | Lair:1   | Killed Sonja the ice beast
 15167 | Lair:1   | Noticed Joseph
 15175 | Lair:1   | Paralysed by Joseph for 7 turns
 15186 | Lair:1   | Killed Joseph
 15428 | Lair:1   | Reached skill level 14 in Fighting
 16220 | Lair:2   | Reached XP level 13. HP: 101/124 MP: 13/13
 16697 | Lair:2   | Identified a scroll of acquirement
 16698 | Lair:2   | Got the ring "Jabiyt Sosae" {*Corrode rF+++ MR+ MP+9 Dex-2}
 16758 | Lair:3   | Noticed Urug
 16772 | Lair:3   | Killed Urug
 16772 | Lair:3   | Reached skill level 10 in Shields
 17555 | Lair:3   | Received a gift from Trog
 18080 | Lair:3   | Noticed Rupert
 18091 | Lair:3   | Killed Rupert
 19134 | Lair:4   | Found a staircase to the Shoals.
 19532 | Lair:4   | Found a staircase to the Snake Pit.
 19858 | Lair:4   | Found a runed translucent gate.
 19859 | Lair:4   | Found a runed translucent gate.
 19859 | Lair:4   | Found a runed translucent gate.
 19861 | Lair:4   | Noticed pigah's ghost (journeyman DrWn)
 19881 | Lair:4   | Killed pigah's ghost
 20565 | Lair:5   | Reached skill level 15 in Fighting
 22245 | Lair:6   | Entered Level 6 of the Lair of Beasts
 22702 | Lair:6   | Gained mutation: Your large and strong wings let you fly
                  | indefinitely. [Black Draconian growth]
 22702 | Lair:6   | Reached XP level 14. HP: 131/135 MP: 14/14
 22891 | Lair:6   | Reached skill level 15 in Maces & Flails
 24131 | Lair:6   | Got a bloodstained war axe
 24134 | Lair:6   | Identified the cursed +2 war axe "Killer Klown's Curse"
                  | {vorpal, rElec rN+ Stlth+} (You found it on level 6 of the
                  | Lair of Beasts)
 24292 | Lair:6   | Received a gift from Trog
 24567 | Lair:6   | Found a viscous altar of Jiyva.
 24567 | Lair:6   | Found a staircase to the Slime Pits.
 25732 | Orc:1    | Entered Level 1 of the Orcish Mines
 25769 | Orc:1    | Noticed Nergalle
 25786 | Orc:1    | Reached skill level 16 in Fighting
 25807 | Orc:1    | Killed Nergalle
 26298 | Orc:2    | Entered Level 2 of the Orcish Mines
 26706 | Orc:2    | Noticed Donald
 26735 | Orc:1    | Killed Donald
 27359 | Orc:2    | Found a staircase to the Elven Halls.
 27410 | Orc:2    | Received a gift from Trog
 27608 | Orc:2    | Found Kiul Ack's Magic Scroll Shoppe.
 27608 | Orc:2    | Found Wev Xac's Magic Scroll Boutique.
 27646 | Orc:2    | Found Xarik's Armour Boutique.
 27646 | Orc:2    | Found Ofri's Armour Emporium.
 27655 | Orc:2    | Bought a scroll of magic mapping for 42 gold pieces
 27746 | Orc:2    | Reached XP level 15. HP: 67/145 MP: 15/15
 28830 | Orc:2    | Bought a scroll of enchant armour for 75 gold pieces
 28830 | Orc:2    | Bought a scroll of blinking for 75 gold pieces
 28830 | Orc:2    | Bought a scroll of magic mapping for 35 gold pieces
 28830 | Orc:2    | Bought a scroll of identify for 20 gold pieces
 28830 | Orc:2    | Bought a scroll of identify for 20 gold pieces
 28830 | Orc:2    | Bought a scroll of teleportation for 30 gold pieces
 28830 | Orc:2    | Bought a scroll of teleportation for 30 gold pieces
 28831 | Orc:2    | Bought a scroll of magic mapping for 42 gold pieces
 28831 | Orc:2    | Bought 3 scrolls of enchant armour for 270 gold pieces
 28831 | Orc:2    | Bought a scroll of noise for 12 gold pieces
 28832 | Orc:2    | Bought a scroll of torment for 90 gold pieces
 28877 | D:10     | Bought a +2 hat for 224 gold pieces
 28877 | D:10     | Bought a +2 pair of boots of flying for 301 gold pieces
 29860 | D:13     | Reached skill level 1 in Throwing
 29918 | D:13     | Reached skill level 17 in Fighting
 30015 | D:13     | Reached ****** piety under Trog
 30494 | D:13     | Found a gate to the Vaults.
 30550 | D:13     | Received a gift from Trog
 31378 | D:14     | Identified the +0 pair of gloves of Daowox {+Blink rF+
                  | Slay+3 Stlth+} (You found it on level 14 of the Dungeon)
 32293 | D:15     | Entered Level 15 of the Dungeon
 32584 | D:15     | Found a staircase to the Depths.
 32748 | D:15     | Received a gift from Trog
 33707 | Snake:1  | Entered Level 1 of the Snake Pit
 33745 | Snake:1  | Reached XP level 16. HP: 147/155 MP: 16/16
 33817 | Snake:1  | Found a frozen archway.
 33868 | IceCv    | Entered an ice cave
 35439 | IceCv    | Received a gift from Trog
 35527 | IceCv    | Noticed an Ice Fiend
 35562 | IceCv    | HP: 6/155 [Ice Fiend (11)]
 35562 | IceCv    | Mangled by a freezing wraith

Illustrated notes

Levels and vault maps discovered:
D:1:      lightli_molten_gateway, layout_basic, nrook_mini_backslash
D:2:      layout_rooms, first_ration
D:3:      layout_basic, lemuel_coloured_pillars_altar,
          ebering_ghost_disaster_area
D:4:      layout_rooms
D:5:      layout_basic, cheibrodos_ashenzari_chains, uniq_pikel, uniq_grinder,
          uniq_blork_the_orc
D:6:      layout_cave_pools, grunt_temple_overflow_open,
          minmay_temple_entry_steel_oval
D:7:      layout_basic, basic_altar, enter_ossuary_3, serial_shops, shop
D:8:      layout_cave_pods, nicolae_overflow_crystal_walls,
          grunt_lair_entry_orc_guard_hut, grunt_ogre_cave, uniq_erica,
          uniq_prince_ribbit1
D:9:      layout_cave_pools, dancing_weapons_uskayaw
D:10:     layout_rooms, orc_david_3, fedhas_altar_2, uniq_grum, uniq_maggie
D:11:     layout_cave_pods, serial_shops, nicolae_shop_trees
D:12:     layout_cave_pools
D:13:     layout_rooms, lightli_vaults_fourway_checkpoint
D:14:     layout_basic
D:15:     grunt_enter_depths_hoard, layout_basic
Lair:1:   dpeg_oklob_gauntlet, layout_regular_city, beast_lair_carwin_2,
          serial_bayou_shore_b, minmay_lair_oklob_chamber, uniq_sonja,
          uniq_joseph
Lair:2:   layout_chaotic_city, wad_woods_antlair, serial_bayou_shore_b,
          infiniplex_staircase_pool_2, grunt_megastairs_2
Lair:3:   layout_concentric_octagons, serial_forest, infiniplex_forest_corner_2,
          infiniplex_forest_straight_1, infiniplex_forest_clump_diagonal,
          infiniplex_forest_straight_3, infiniplex_forest_end_double,
          infiniplex_forest_clump_long, infiniplex_forest_pool,
          infiniplex_forest_clump_double, lemuel_fruit_tree, uniq_rupert,
          uniq_urug
Lair:4:   minmay_lair_oklob_tunnel, layout_cave_pods,
          minmay_shoals_entry_beasts, minmay_snake_entry_six_corridors,
          ebering_ghost_rock_garden
Lair:5:   layout_gridlike, hibernation_bobbens, grunt_megastairs_5,
          serial_bayou_shore_b
Lair:6:   minmay_lair_end_enchanted_forest, layout_cave_pods,
          dpeg_slime_entry_enclosed_altar, chequers_serial_rivers_room_a
Snake:1:  layout_cave_pods, portal_ice_cave_entry_ice_statue_one, st_stairs_14,
          nicolae_snake_lava_pool, uniq_asterion, uniq_agnes
Orc:1:    layout_diamond_mine, uniq_nergalle
Orc:2:    st_orc_ogre_mass, layout_caves, uniq_donald
IceCv:    ice_cave_caverns_02

Skill      XL: |  1  2  3  4  5  6  7  8  9 10 11 12 13 14 15 16 |
---------------+-------------------------------------------------+-----
Fighting       | 4 5 6 8 9 11 12 14 15 16 17 | 17.5
Maces & Flails | 4 5 6 8 9 10 12 13 14 16 | 16.8
Shields        | 1 7 9 11 13 14 | 14.1
Dodging        | 5 6 7 |  7.0
Throwing       | 4 |  4.4

Action                   |  1- 3 |  4- 6 |  7- 9 | 10-12 | 13-15 | 16-18 || total
-------------------------+-------+-------+-------+-------+-------+-------++-------
Melee: Mace              |   112 |   224 |   403 |       |       |       ||   739
       Tailslap          |    12 |    23 |    65 |   102 |   291 |    35 ||   528
       Flail             |       |       |    52 |   692 |   644 |       ||  1388
       Demon whip        |       |       |       |       |  1218 |   202 ||  1420
Throw: Boomerang         |       |       |    10 |     1 |    10 |       ||    21
Invok: Trog's Hand       |       |       |     2 |       |     2 |     1 ||     5
       Berserk           |       |       |     1 |       |     1 |       ||     2
       Brothers in Arms  |       |       |       |     2 |     2 |     1 ||     5
 Abil: Breathe Lightning |       |       |     6 |    11 |    18 |     1 ||    36
       Stop Flying       |       |       |       |       |     1 |       ||     1
       Fly               |       |       |       |       |       |     1 ||     1
Evoke: Wand              |       |       |       |     1 |    11 |     8 ||    20
  Use: Scroll            |     3 |     5 |     8 |    10 |    10 |       ||    36
       Potion            |       |       |     3 |     1 |     4 |     4 ||    12
 Stab: Sleeping          |     3 |     8 |     1 |     1 |     1 |       ||    14
       Distracted        |       |       |       |     1 |       |       ||     1
  Eat: Chunk             |     2 |     9 |    17 |    26 |    41 |       ||    95
       Ration            |       |       |       |       |     7 |     2 ||     9
Armor: Skin              |    50 |    83 |   128 |   186 |   186 |    33 ||   666
Dodge: Dodged            |    80 |   161 |   316 |   474 |   639 |    64 ||  1734
Block: Kite shield       |       |       |    89 |   430 |  1249 |   128 ||  1896
       Reflection        |       |       |       |       |    47 |     3 ||    50

Table legend:
 A = Non-vault XP
 B = Vault XP
 C = Vault XP percentage of total XP
 D = Non-vault monster count
 E = Vault monster count
 F = Vault count percentage of total count
                 A         B        C        D         E       F
            +---------+---------+-------+---------+---------+-------
      Total |   88565 |   62041 |  41.2 |     617 |     228 |  27.0
            +---------+---------+-------+---------+---------+-------
        D:1 |      44 |       0 |   0.0 |      24 |       0 |   0.0
        D:2 |      88 |       0 |   0.0 |      21 |       0 |   0.0
        D:3 |     135 |     156 |  53.6 |      35 |       1 |   2.8
        D:4 |     611 |       0 |   0.0 |      32 |       0 |   0.0
        D:5 |    1079 |     929 |  46.3 |      30 |       3 |   9.1
        D:6 |     900 |       0 |   0.0 |      17 |       0 |   0.0
        D:7 |     747 |       0 |   0.0 |      13 |       0 |   0.0
        D:8 |    1229 |    2014 |  62.1 |      22 |       8 |  26.7
        D:9 |    2667 |     359 |  11.9 |      53 |       3 |   5.4
       D:10 |    3252 |     728 |  18.3 |      35 |       6 |  14.6
       D:11 |    2401 |       0 |   0.0 |      18 |       0 |   0.0
       D:12 |    5556 |       0 |   0.0 |      34 |       0 |   0.0
       D:13 |   10646 |    5784 |  35.2 |      58 |      10 |  14.7
       D:14 |    9459 |       0 |   0.0 |      31 |       0 |   0.0
       D:15 |   10280 |    2104 |  17.0 |      31 |       2 |   6.1
     Lair:1 |    2051 |     907 |  30.7 |      11 |       6 |  35.3
     Lair:2 |    4347 |    2557 |  37.0 |      21 |      16 |  43.2
     Lair:3 |    7202 |    2712 |  27.4 |      26 |       2 |   7.1
     Lair:4 |    3602 |    4284 |  54.3 |      17 |      18 |  51.4
     Lair:5 |    4893 |     448 |   8.4 |      14 |       2 |  12.5
     Lair:6 |    8437 |    8844 |  51.2 |      26 |      45 |  63.4
    Snake:1 |    1973 |     427 |  17.8 |       3 |       1 |  25.0
      Orc:1 |    4888 |    4019 |  45.1 |      26 |       6 |  18.8
      Orc:2 |    2078 |   19508 |  90.4 |      19 |      40 |  67.8
    Ossuary |       0 |     277 | 100.0 |       0 |      11 | 100.0
      IceCv |       0 |    5984 | 100.0 |       0 |      48 | 100.0
            +---------+---------+-------+---------+---------+-------
